AoeStats
← AnomalousTR

Black Forest

509609645Analyzed
2v2 RM · 6d ago on Sep 27, 2026· 61m 40s· 4 players
Game mode
Random Map
Map size
Medium (4 player)
Population
200
Speed
Normal
Resources
Standard
Victory
Conquest
Starting age
Dark Age
Ending age
Imperial Age
RankedLock teamsTeams togetherTeam positionsShared explorationLock speedFull tech treeHidden civsTurbo modeCheats
Victory
Defeat
🇹🇷 Goths · Türkiye
585
+13
🇹🇷 Lithuanians · Türkiye
547
+14
🇩🇪 Bohemians · Germany
523
-14
🇩🇪 Persians · Germany
509
-13
mimisler43
12:24 Feudal Age
14:02 Double-Bit Axe
14:54 Wheelbarrow
16:03 Horse Collar
17:18 Gold Mining
23:15 Castle Age
22:27 Stone Mining
24:19 Caravan
24:22 Heavy Plow
26:11 Bow Saw
27:13 Husbandry
28:38 Coinage
28:30 Bloodlines
28:26 Squires
28:12 Arson
29:04 Scale Barding Armor
29:17 Forging
29:50 Stone Shaft Mining
30:37 Hand Cart
33:33 Forging
33:25 Scale Mail Armor
33:46 Chain Barding Armor
33:26 Padded Archer Armor
33:08 Pikeman
38:59 Imperial Age
37:55 Iron Casting
37:11 Fletching
37:37 Leather Archer Armor
37:38 Chain Mail Armor
38:08 Thumb Ring
37:26 Elite Skirmisher
38:14 Thumb Ring
39:39 Ballistics
39:00 Treadmill Crane
40:48 Two-Man Saw
40:33 Crop Rotation
39:29 Cavalier
39:34 Halberdier
41:09 Banking
41:01 Guilds
42:12 Plate Barding Armor
42:40 Chemistry
42:03 Elite Leitis
43:54 Ring Archer Armor
43:19 Bodkin Arrow
43:57 Conscription
43:59 Tower Shields
45:53 Bracer
46:31 Paladin
54:16 Heavy Cavalry Archer
54:17 Crossbowman
AnomalousTR
0:37 Loom
13:11 Feudal Age
13:42 Double-Bit Axe
15:17 Horse Collar
16:59 Stone Mining
23:28 Castle Age
22:35 Gold Mining
24:32 Bow Saw
24:55 Heavy Plow
36:23 Imperial Age
34:10 Caravan
34:57 Forging
34:47 Scale Mail Armor
36:28 Wheelbarrow
36:30 Iron Casting
37:13 Chain Mail Armor
38:05 Chemistry
37:26 Ballistics
38:55 Two-Man Saw
38:31 Crop Rotation
38:19 Hand Cart
38:11 Perfusion
38:32 Conscription
37:46 Pikeman
38:28 Squires
38:52 Anarchy
41:08 Blast Furnace
39:52 Elite Huskarl
40:47 Halberdier
43:58 Town Watch
51:04 Onager
henkong
2:48 Loom
14:38 Feudal Age
17:53 Wheelbarrow
23:05 Castle Age
23:13 Crossbowman
25:31 Padded Archer Armor
26:01 Horse Collar
26:10 Double-Bit Axe
30:02 Gold Mining
32:14 Hand Cart
32:48 Husbandry
33:01 Bloodlines
33:11 Scale Barding Armor
33:16 Town Watch
34:39 Heavy Plow
38:27 Imperial Age
38:20 Stone Mining
39:17 Citadels
39:08 Kamandaran
38:56 Cavalier
39:54 Forging
39:44 Scale Mail Armor
40:05 Chain Barding Armor
43:09 Iron Casting
42:49 Chain Mail Armor
42:26 Fletching
43:33 Hoardings
42:32 Pikeman
42:58 Gambesons
43:13 Squires
42:58 Arson
45:34 Caravan
46:47 Savar
49:18 Gold Shaft Mining
53:00 Onager
[SN4CKTiCS].DEBO
1:53 Loom
14:39 Feudal Age
15:58 Wheelbarrow
15:07 Horse Collar
15:17 Double-Bit Axe
20:15 Padded Archer Armor
24:19 Castle Age
25:11 Bow Saw
25:04 Heavy Plow
25:24 Hand Cart
30:05 Crossbowman
31:04 Leather Archer Armor
30:40 Fletching
31:00 Forging
33:42 Chemistry
36:30 Town Watch
39:43 Imperial Age
39:58 Wagenburg Tactics
39:16 Elite Skirmisher
40:01 Scale Mail Armor
40:36 Iron Casting
39:57 Bodkin Arrow
40:17 Fortified Wall
40:03 Murder Holes
40:19 Masonry
40:15 Siphons
39:52 Arbalester
41:58 Two-Man Saw
41:26 Ballistics
42:36 Hussite Reforms
42:03 Sappers
42:54 Conscription
42:56 Chain Mail Armor
43:02 Elite Hussite Wagon
51:25 Caravan
51:55 Coinage
51:36 Guilds
51:35 Houfnice
55:03 Pikeman
55:44 Squires
57:01 Halberdier
Connection lost

Rejoining the realm…

Still unreachable

The connection could not be restored.

Session expired

The server has moved on; the page needs a fresh start.